 Dungeon Crawl Stone Soup version 0.31.0-11-ge490571c62 (webtiles) character file.

Game seed: 7406150276717133352

16582 Amaterasu the Fighter (level 12, 0/108 HPs)
             Began as an Octopode Shapeshifter on Jan 26, 2024.
             Was a Follower of Uskayaw.
             Shot with an arrow by a centaur (2 damage)
             ... while petrified by a basilisk
             ... on level 2 of the Lair of Beasts.
             The game lasted 00:22:24 (13892 turns).

Amaterasu the Fighter (Octopode Shapeshifter)      Turns: 13892, Time: 00:22:25

Health: 0/108      AC:  9    Str: 21    XL:     12   Next: 39%
Magic:  12/12      EV:  1    Int: 11    God:    Uskayaw [*.....]
Gold:   285        SH:  0    Dex: 23    Spells: 11/11 levels left

rFire   . . .        g - melded +2 lajatang (speed)
rCold   . . .        (shield currently unavailable)
rNeg    + + +        (helmet currently unavailable)
rPois   ∞            (no amulet)
rElec   .            q - +6 ring of dexterity
rCorr   .            (no ring)
SInv    .            (no ring)
Will    .....        (no ring)
Stlth   ++           (no ring)
HPRegen 0.38/turn    (no ring)
MPRegen 0.13/turn    (no ring)
                     (no ring)

%: clarity
@: snake-form, petrified, slowed
A: constrict, boosted hp, almost no armour, amphibious, 8 rings, large,
(camouflage 1), (gelatinous body 1), (nimble swimmer 1), (tentacles), agile 1,
clarity, no potion heal 1
a: Begin Untransformation, Renounce Religion, Stomp


You were on level 2 of the Lair of Beasts.
You worshipped Uskayaw.
Uskayaw was noncommittal.
You were an enormous serpent.
You visited 3 branches of the dungeon, and saw 14 of its levels.

You collected 825 gold pieces.
You spent 540 gold pieces at shops.

Inventory:

Hand Weapons
 g - a +2 lajatang of speed (melded)
Missiles
 i - 9 silver javelins (quivered)
Jewellery
 q - a +6 ring of dexterity (left tentacle)
Talismans
 b - a beast talisman
 c - a flux talisman
 r - a serpent talisman (active)
 A - a maw talisman
Wands
 n - a wand of digging (6)
 o - a wand of mindburst (23)
 u - a wand of flame (17)
Scrolls
 m - 2 scrolls of immolation
 s - 3 scrolls of fog
 x - a scroll of vulnerability
 y - 2 scrolls of revelation
 z - 2 scrolls of teleportation
Potions
 a - 2 potions of lignification
 d - a potion of curing
 e - 3 potions of mutation
 f - 3 potions of heal wounds
 h - 4 potions of might
 j - a potion of magic
 k - 10 potions of ambrosia
 l - a potion of haste
 p - a potion of enlightenment {unknown}
 t - 2 potions of berserk rage {unknown}
 F - a potion of brilliance {unknown}
Miscellaneous
 v - a lightning rod (3/4)
 C - a sack of spiders


   Skills:
 - Level 11.1 Fighting
 - Level 8.0 Staves
 - Level 8.0 Dodging
 * Level 5.8 Unarmed Combat
 * Level 3.0 Evocations
 - Level 10.7 Shapeshifting


You had 11 spell levels left.
You didn't know any spells.
Your spell library contained the following spells:

 Spells                   Type           Power      Damage    Failure   Level
 Apportation              Tloc           0%         N/A       34%         1
 Necrotise                Necr           0%         1d4       34%         1
 Sting                    Conj/Alch      0%         1d3       34%         1
 Summon Small Mammal      Summ           0%         N/A       34%         1
 Ensorcelled Hibernation  Hex/Ice        0%         N/A       47%         2
 Ozocubu's Armour         Ice            0%         N/A       71%         3
 Passwall                 Erth           0%         N/A       71%         3
 Swiftness                Air            0%         N/A       71%         3
 Cause Fear               Hex            0%         N/A       98%         4
 Fireball                 Conj/Fire      0%         3d3       100%        5
 Metabolic Englaciation   Hex/Ice        0%         N/A       100%        5
 Sculpt Simulacrum        Ice/Alch       0%         N/A       100%        6
 Dragon's Call            Summ           0%         N/A       100%        9


Dungeon Overview and Level Annotations

Branches:
Dungeon (11/15)            Temple (1/1) D:4            Lair (2/5) D:9
  Swamp: Lair:2-3    Shoals: Lair:2-3     Snake: Lair:2-3    Spider: Lair:2-3
    Orc: D:9-12

Altars:
Ashenzari
Cheibriados
Dithmenos
Elyvilon
Fedhas
Gozag
Hepliaklqana
Kikubaaqudgha
Makhleb
Nemelex Xobeh
Okawaru
Qazlal
Ru
Sif Muna
Trog
Uskayaw
Vehumet
Wu Jian
Xom
Yredelemnul
Zin
The Shining One

Shops:
D:8 :   D:11 [*((


Innate Abilities, Weirdness & Mutations

You are an enormous serpent.
You have a powerful constriction melee attack.
Your maximum health is increased.
Your armour is entirely melded.
You are incapable of wielding weapons or throwing items.
You cannot wear most types of armour.
You are amphibious.
You can wear up to eight rings at the same time.
((Your skin changes colour to match your surroundings (Stealth+).))
((Your rubbery body absorbs attacks. (AC +1, EV +1)))
((You are camouflaged when in or above water. (Stealth+)))
((You have tentacles for arms and can constrict up to eight enemies at once.))
You are agile. (Dex +4, Str/Int -1)
You possess an exceptional clarity of mind.
Potions are less effective at restoring your health.


Message History

* * * LOW HITPOINT WARNING * * *
The basilisk gazes at you. You resist with some effort.
The centaur shoots an arrow.
The arrow hits you!
* * * LOW HITPOINT WARNING * * *
The arrow freezes you.
* * * LOW HITPOINT WARNING * * *
The basilisk gazes at you. You resist with some effort.
The centaur shoots an arrow.
The arrow hits you!
* * * LOW HITPOINT WARNING * * *
You feel as though you will be slow longer.
The arrow freezes you.
* * * LOW HITPOINT WARNING * * *
The centaur unwields a +0 shortbow.
The centaur hits you but does no damage.
The centaur kicks you but does no damage.
The basilisk gazes at you. You resist with some effort.
The centaur shoots an arrow.
The arrow hits you but does no damage.
The centaur shoots an arrow.
The arrow hits you.
* * * LOW HITPOINT WARNING * * *
You feel as though you will be slow longer.
The arrow freezes you.
The centaur hits you but does no damage.
The centaur kicks you but does no damage.
The basilisk bites you!
* * * LOW HITPOINT WARNING * * *
The centaur shoots an arrow.
The arrow hits you!
* * * LOW HITPOINT WARNING * * *
You feel as though you will be slow longer.
The arrow freezes you.
The centaur hits you but does no damage.
The centaur kicks you.
* * * LOW HITPOINT WARNING * * *
The basilisk gazes at you. You resist with some effort.
The centaur shoots an arrow.
The arrow hits you!
* * * LOW HITPOINT WARNING * * *
You feel as though you will be slow longer.
The arrow freezes you.
You die... #.#≈≈§≈...# #.#§§≈§≈.§# #. #.#§≈≈§#§.###... ## #.§§§≈≈≈..#P#... .PP

#..#≈≈≈.........
...##.##..#.........
....P...............
..P........c..##...
P.P.....†..lS<# .
.....P........#
..................
........c......)..#
.....P...........##
.P.....!........##
..............###
..PP..........#
.P......#.$..##


You could see a basilisk and 2 centaurs.

Vanquished Creatures
  A hydra (Lair:1)
  A two-headed ogre (D:10)
  2 cyclopes (D:11)
  A black mamba (Lair:1)
  3 elephants (Lair:1)
  A cane toad (Lair:1)
  Maggie (D:10)
  3 komodo dragons
  2 trolls
  4 blink frogs (Lair:1)
  2 hornets
  A queen bee (Lair:1)
  Prince Ribbit (D:7)
  Sigmund (D:3)
  A shadow (D:11)
  3 wyverns
  18 yaks
  A steam dragon (D:6)
  A warg (D:9)
  3 vampire mosquitoes (D:11)
  2 acid dragons (D:9)
  9 water moccasins
  2 ice beasts (D:6)
  A black bear (D:5)
  An orc warrior (D:10)
  2 ogres
  8 wolves
  8 centaurs
  A phantom (D:6)
  4 kobold brigands
  5 bullfrogs
  2 scorpions
  30 killer bees
  2 howler monkeys
  3 lava snakes
  An orc priest (D:9)
  A bombardier beetle (D:4)
  3 hounds
  A jelly (D:6)
  Crazy Yiuf (D:7)
  A gnoll bouda (D:6)
  A sleepcap (D:8)
  Jessica (D:3)
  An iguana (D:6)
  Ijyb (D:3)
  Natasha (thrice) (D:2)
  5 hell rats (Lair:1)
  12 adders
  7 gnolls
  8 river rats (Lair:1)
  2 shadow imps
  2 white imps (D:6)
  3 dart slugs
  20 orcs
  3 bats
  6 endoplasms
  3 giant cockroaches (D:1)
  3 goblins
  4 hobgoblins
  2 jackals (D:1)
  2 quokkas
  6 ball pythons
  2 frilled lizards (D:1)
  22 kobolds
  6 rats (Lair:1)
264 creatures vanquished.

Notes
Turn   | Place    | Note
-------+----------+-------------------------------------------
     0 | D:1      | Amaterasu the Octopode Shapeshifter began the quest for the
                  | Orb.
     0 | D:1      | Reached XP level 1. HP: 13/13 MP: 1/1
   162 | D:1      | Reached XP level 2. HP: 18/18 MP: 2/2
   708 | D:1      | Found a faded altar of an unknown god.
   970 | D:2      | Reached XP level 3. HP: 15/23 MP: 3/3
  1079 | D:2      | Noticed Natasha
  1086 | D:2      | Killed Natasha
  1087 | D:2      | Reached XP level 4. HP: 15/28 MP: 4/4
  1213 | D:2      | Reached skill level 5 in Unarmed Combat
  1520 | D:2      | Noticed Natasha
  1531 | D:2      | Killed Natasha
  1866 | D:2      | Noticed Natasha
  1879 | D:2      | Killed Natasha
  1880 | D:2      | Reached XP level 5. HP: 19/33 MP: 5/5
  1941 | D:2      | Identified a scroll of acquirement
  1941 | D:2      | Acquired a +2 lajatang of speed
  1960 | D:3      | Noticed Jessica
  1965 | D:3      | Killed Jessica
  2158 | D:3      | Noticed Sigmund
  2163 | D:3      | Killed Sigmund
  2164 | D:3      | Reached skill level 2 in Fighting
  2164 | D:3      | Reached XP level 6. HP: 34/40 MP: 6/6
  2398 | D:3      | Noticed Ijyb
  2408 | D:3      | Killed Ijyb
  2707 | D:3      | Found a stormy altar of Qazlal.
  2965 | D:4      | Found a staircase to the Ecumenical Temple.
  2976 | Temple   | Entered the Ecumenical Temple
  2991 | Temple   | Became a worshipper of Uskayaw the Reveller
  3007 | D:4      | Found a burning altar of Makhleb.
  3025 | D:4      | Reached * piety under Uskayaw
  3026 | D:4      | Reached XP level 7. HP: 45/45 MP: 7/7
  3030 | D:4      | Reached skill level 5 in Shapeshifting
  3681 | D:4      | Gained mutation: Potions are less effective at restoring
                  | your health. [potion of mutation]
  3681 | D:4      | Gained mutation: You are agile. (Dex +4, Str/Int -1)
                  | [potion of mutation]
  3681 | D:4      | Gained mutation: You possess an exceptional clarity of
                  | mind. [potion of mutation]
  3709 | D:5      | Entered Level 5 of the Dungeon
  3718 | D:5      | Reached ** piety under Uskayaw
  3719 | D:5      | Reached skill level 3 in Fighting
  3845 | D:5      | Found an ornate altar of the Wu Jian Council.
  3935 | D:5      | Reached *** piety under Uskayaw
  3942 | D:5      | Reached **** piety under Uskayaw
  4048 | D:5      | Found a glowing golden altar of the Shining One.
  4148 | D:5      | Found a shimmering altar of Xom.
  4281 | D:5      | Reached skill level 4 in Fighting
  4281 | D:5      | Reached XP level 8. HP: 40/54 MP: 8/8
  4397 | D:6      | Reached skill level 1 in Staves
  5407 | D:6      | Reached XP level 9. HP: 58/58 MP: 9/9
  5423 | D:6      | Reached skill level 5 in Dodging
  5809 | D:7      | Reached skill level 5 in Fighting
  6179 | D:7      | Noticed Prince Ribbit
  6182 | D:7      | Killed Prince Ribbit
  6183 | D:7      | Reached skill level 6 in Fighting
  6370 | D:7      | Found a runed translucent door.
  6371 | D:7      | Noticed Crazy Yiuf
  6541 | D:7      | Found a sparkling altar of Nemelex Xobeh.
  6674 | D:7      | Killed Crazy Yiuf
  7384 | D:8      | Reached skill level 7 in Fighting
  7397 | D:8      | Reached ***** piety under Uskayaw
  7398 | D:8      | Reached XP level 10. HP: 31/72 MP: 10/10
  7741 | D:8      | Found Ydufid's Vocational Training.
  7992 | D:9      | Found an opulent altar of Gozag.
  8056 | D:9      | Reached skill level 8 in Fighting
  8188 | D:9      | Found a staircase to the Lair.
  8478 | D:9      | Reached skill level 9 in Fighting
  9222 | D:10     | Entered Level 10 of the Dungeon
  9293 | D:10     | Noticed Maggie
  9319 | D:10     | Killed Maggie
  9320 | D:10     | Reached skill level 10 in Fighting
  9347 | D:10     | Reached ****** piety under Uskayaw
  9349 | D:10     | Reached skill level 11 in Fighting
  9349 | D:10     | Reached XP level 11. HP: 14/83 MP: 11/11
  9697 | D:10     | Identified the +8 sling "Dragonbane" {drain, Int+3}
  9920 | D:10     | Paralysed by a hornet for 1 turns
  9923 | D:10     | Reached skill level 5 in Staves
 10218 | D:10     | Noticed a two-headed ogre
 10227 | D:10     | Killed a two-headed ogre
 10640 | D:11     | Found Imiemir's Weapon Boutique.
 11393 | D:11     | Found Daruipsoerch's Weapon Emporium.
 11426 | D:11     | Noticed a cyclops
 11434 | D:11     | Killed a cyclops
 11478 | D:11     | Found Ugroarr's Armour Boutique.
 11684 | D:11     | Found Ryoniwk's General Store.
 12097 | D:11     | Noticed a cyclops
 12103 | D:11     | Killed a cyclops
 12180 | D:11     | Bought a maw talisman for 540 gold pieces
 12290 | Lair:1   | Entered Level 1 of the Lair of Beasts
 12766 | Lair:1   | Noticed a five-headed hydra
 12783 | Lair:1   | Killed a five-headed hydra
 12807 | Lair:1   | Reached XP level 12. HP: 44/90 MP: 12/12
 13120 | Lair:1   | Reached skill level 10 in Shapeshifting
 13417 | Lair:1   | Reached skill level 1 in Evocations
 13891 | Lair:2   | HP: 5/108 [centaur (1)]
 13892 | Lair:2   | HP: 2/108 [centaur/arrow (3)]
 13892 | Lair:2   | Shot with an arrow by a centaur

Illustrated notes

Levels and vault maps discovered:
D:1:      dpeg_arrival_ternary, layout_basic, hellmonk_ecumenical_altar_blasted
D:2:      layout_basic, moated_statue, st_stairs_9, uniq_natasha
D:3:      layout_basic, general_overflow_altar, uniq_jessica, uniq_sigmund,
          uniq_ijyb
D:4:      layout_layer_cave, amcnicky_altar_gilded, minmay_temple_entry_mist
D:5:      layout_cave_pools, nicolae_wu_jian_immortal_techniques,
          mainiacjoe_overflow_small_starburst, lemuel_coloured_pillars_altar,
          kb_lookout_dungeons_type
D:6:      layout_gridville, chequers_serial_rivers_marsh,
          amcnicky_mini_corridor_feature, grunt_decor_mini_mirrors,
          serial_bayou_pond_d
D:7:      layout_basic, kennysheep_mini_moat, uniq_crazy_yiuf_cottage,
          uniq_prince_ribbit1
D:8:      layout_gridville, nicolae_shop_vocational
D:9:      layout_roguey, grunt_gozag_breadcrumbs, erik_lair_orcish_takeover,
          chequers_garden
D:10:     layout_loops_ring, uniq_maggie
D:11:     layout_stronghold, serial_shops, shop, nicolae_shop_window_shopping,
          shop, shop, grunt_decor_junction
Temple:   minmay_freezing_vapour_temple
Lair:1:   layout_roguey [special_room_bee], kennysheep_abandoned_house
Lair:2:   layout_gridlike, minmay_shoals_entry_centaurs,
          guppyfry_snake_entry_garden

Skill      XL: |  1  2  3  4  5  6  7  8  9 10 11 12 |
---------------+-------------------------------------+-----
Unarmed Combat | 4 5 |  5.8
Fighting       | 2 4 7 11 | 11.1
Shapeshifting  | 4 6 7 9 10 | 10.7
Staves         | 4 8 |  8.0
Dodging        | 4 6 8 |  8.0
Evocations     | 3 |  3.0

Action                     |  1- 3 |  4- 6 |  7- 9 | 10-12 || total
---------------------------+-------+-------+-------+-------++-------
  Melee: Unarmed           |    39 |    27 |       |     7 ||    73
         Tentacles         |    10 |    11 |    38 |    72 ||   131
         Constrict         |     9 |    15 |    30 |    59 ||   113
         Lajatang          |       |    36 |   165 |   331 ||   532
         Punch             |       |     2 |     8 |    16 ||    26
         Maw               |       |       |       |    14 ||    14
  Evoke: Lightning rod     |       |       |       |     8 ||     8
         Sack of spiders   |       |       |       |     1 ||     1
    Use: Scroll            |     2 |     2 |    10 |     6 ||    20
         Potion            |     1 |     1 |     1 |     1 ||     4
   Stab: Sleeping          |     5 |     7 |     9 |    11 ||    32
         Paralysed         |       |       |     3 |    21 ||    24
         Distracted        |       |       |     1 |     1 ||     2
 Armour: Skin              |    20 |    25 |    80 |   144 ||   269
  Dodge: Dodged            |    18 |    26 |   110 |   215 ||   369
   Form: Serpent           |       |       |       |     1 ||     1
         Maw               |       |       |       |     1 ||     1
